 Dungeon Crawl Stone Soup version 0.29.0-15-g675c0067aa (webtiles) character file.

Game seed: 12025136171427298817

134 101zpm the Magician (level 5, -1/35 HPs)
             Began as a Djinni Fire Elementalist on Sept 12, 2022.
             Slain by a phantom (3 damage)
             ... on level 1 of the Dungeon.
             The game lasted 00:11:04 (3770 turns).

101zpm the Magician (Djinni Fire Elementalist)      Turns: 3770, Time: 00:11:04

Health: -1/35      AC:  2    Str:  7    XL:     5   Next: 40%
Gold:   98         EV: 12    Int: 18    God:
                   SH:  0    Dex: 14

rFire   + + .      SeeInvis .   h - staff of cold
rCold   . . .      Faith    .   (no shield)
rNeg    . . .      Spirit   .   a - +0 robe
rPois   ∞          Reflect  .   (no helmet)
rElec   .          Harm     .   (no cloak)
rCorr   .          Rampage  .   (no gloves)
Will    .....                   (boots unavailable)
Stlth   ++........              (no amulet)
HPRegen 0.11/turn               (no ring)
MPRegen 0.00/turn               (no ring)

@: flying
A: sickness immunity, fire resistance 2, cold vulnerability 1, float, innate
caster, HP casting, extra vitality 1
a: no special abilities


You were on level 1 of the Dungeon.
You visited 1 branch of the dungeon, and saw 5 of its levels.

You collected 98 gold pieces.

Inventory:

Armour
 a - a +0 robe (worn)
Magical Staves
 h - a staff of cold (weapon)
Scrolls
 b - a scroll of noise {unknown}
 j - a scroll of identify {unknown}
 l - a scroll of silence {unknown}
 m - 2 scrolls of vulnerability {unknown}
Potions
 c - a potion of might {unknown}
 d - 2 potions of attraction {unknown}
 e - 4 potions of heal wounds {unknown}
 f - a potion of mutation {unknown}
 g - a potion of magic {unknown}
 i - 6 potions of curing
 k - 2 potions of ambrosia {unknown}


   Skills:
 + Level 2.5 Dodging
 + Level 2.1 Stealth
 + Level 4.1 Spellcasting


You couldn't memorise any spells.
You knew the following spells:

 Your Spells              Type           Power      Damage    Failure   Level
a - Foxfire               Conj/Fire      72%        2x1d7     2%          1
b - Scorch                Fire           36%        2d6       4%          2
c - Conjure Flame         Conj/Fire      18%        6-21      8%          3
d - Inner Flame           Hex/Fire       18%        N/A       8%          3
e - Flame Wave            Conj/Fire      18%        2d7       26%         4
f - Freeze                Ice            100%       1d11      2%          1
g - Poisonous Vapours     Pois/Air       36%        N/A       4%          2
Your spell library was empty.

Dungeon Overview and Level Annotations

Branches:
Dungeon (5/15)
 Temple: D:4-7

Altars:

Annotations:
D:3 Terence


Innate Abilities, Weirdness & Mutations

You are immune to sickness and miasma.
You are immune to poison.
Your flesh is very heat resistant. (rF++)
You are vulnerable to cold. (rC-)
You float through the air rather than walking.
You learn spells naturally, not from books.
Your magical power is your life essence.
You have superior vitality. (+4 MHP)


Message History

Aim: a phantom (moderately damaged)
You feel a surge of power!
You freeze the phantom.
The phantom resists.
The phantom is moderately damaged.
The phantom hits you.
The phantom blinks!
You blink.
What are your orders? t - Shout!
Orders for allies: a - Attack new target. p - Attack previous target. r - Retreat! s - Stop attacking. g - Guard the area. f - Follow me.
Anything else - Cancel.
Okay, then.
Unknown command.
What are your orders? t - Shout!
Orders for allies: a - Attack new target. p - Attack previous target. r - Retreat! s - Stop attacking. g - Guard the area. f - Follow me.
Anything else - Cancel.
Okay, then.
Casting: Freeze (safe; 2% risk of failure)
Confirm with . or Enter, or press ? or * to list all spells.
Flames lash the phantom.
The phantom is heavily damaged.
The phantom's fire resistance burns away.
* * * LOW HITPOINT WARNING * * *
The phantom hits you.
* * * LOW HITPOINT WARNING * * *
The phantom blinks!
You blink.
The phantom attacks as you move away! The phantom hits you.
* * * LOW HITPOINT WARNING * * *
The phantom is no longer more vulnerable to fire.
The phantom attacks as you move away! The phantom closely misses you.
The phantom attacks as you move away! The phantom barely misses you.
There is a stone staircase leading up here.
The phantom hits you.
* * * LOW HITPOINT WARNING * * *
You fly upwards.
There is a stone staircase leading down here.
The phantom attacks as you move away! The phantom hits you.
You die...

..# #.......##..###.<##..# ..#
#......###..###.##..## ..#
##......###...##.....## ..#
#........##....#######. ..#
#........###....####... ..##
#........# ##.......... ...#
##........## ####......# ...#####
#....>.....# ########
...'...###......@...#############
...###..........W...............:
...# ############.>....#...#..###
...# ##.###.#.#.#..#.. ####
#########.# #.#.#.#.....
#...#.....# #.#........#
#.#.#.#######.###.##...#
#.#...........# #.##...#
#.####.######## #......#


You could see a phantom.

Vanquished Creatures
  2 hound zombies (D:3)
  3 adders
  A river rat (D:3)
  2 adder zombies (D:3)
  2 dart slugs
  7 orcs (D:3)
  6 ball pythons
  An endoplasm (D:1)
  4 giant cockroaches
  6 goblins
  A quokka (D:2)
  2 ball python skeletons (D:3)
  4 bats
  2 frilled lizards
  2 giant cockroach zombies (D:3)
  6 kobolds
  A quokka skeleton (D:3)
  6 rats
58 creatures vanquished.

Vanquished Creatures (collateral kills)
  A foxfire (D:3)
1 creature vanquished.

Vanquished Creatures (others)
  257 foxfires
257 creatures vanquished.

Grand Total: 316 creatures vanquished

Notes
Turn   | Place    | Note
-------+----------+-------------------------------------------
     0 | D:1      | 101zpm the Djinni Fire Elementalist began the quest for the
                  | Orb.
     0 | D:1      | 101zpm set off with the following spells memorised:
                  | Foxfire, Scorch, Conjure Flame, Inner Flame, Flame Wave.
     0 | D:1      | Reached XP level 1. HP: 15/15 MP: 0/0
   152 | D:3      | Reached XP level 2. HP: 16/21 MP: 0/0
   334 | D:3      | Reached skill level 3 in Spellcasting
   417 | D:3      | Reached XP level 3. HP: 18/25 MP: 0/0
   417 | D:3      | Learned a level 1 spell: Freeze
   641 | D:3      | Reached XP level 4. HP: 25/31 MP: 0/0
   739 | D:3      | Noticed Terence
  1296 | D:5      | Entered Level 5 of the Dungeon
  1296 | D:5      | Noticed a phantom
  1663 | D:3      | Reached XP level 5. HP: 32/35 MP: 0/0
  1663 | D:3      | Learned a level 2 spell: Poisonous Vapours
  1921 | D:3      | Noticed a phantom
  2075 | D:2      | Reached skill level 4 in Spellcasting
  2911 | D:1      | Found a faded altar of an unknown god.
  3770 | D:1      | Slain by a phantom

Illustrated notes

Levels and vault maps discovered:
D:1:      dpeg_arrival_snail, layout_basic, dreamdust_ecumenical_altar_grove
D:2:      layout_basic, corexii_leaking_fountain, kennysheep_generic_room_2
D:3:      layout_basic, portal_sewer_entry_b, serial_undead, serial_undead_a,
          serial_undead_c, serial_undead_d, serial_undead_a,
          ebering_ghost_inner_flame, st_stairs_8, minmay_misc_feat_roman,
          uniq_terence
D:4:      layout_basic, uniq_duvessa
D:5:      layout_loops_corners, kennysheep_orc_sif_temple, serial_glass,
          glass_columns_c, glass_columns_a, glass_columns_c, uniq_menkaure

Skill      XL: |  1  2  3  4  5 |
---------------+----------------+-----
Spellcasting   | 3 4 |  4.1
Stealth        | 2 |  2.1
Dodging        | |  2.5

Action                   |  1- 3 |  4- 6 || total
-------------------------+-------+-------++-------
 Cast: Foxfire           |    36 |   131 ||   167
       Poisonous Vapours |       |     8 ||     8
       Freeze            |       |     5 ||     5
       Scorch            |       |     1 ||     1
Armor: Robe              |       |     4 ||     4
Dodge: Dodged            |     3 |     7 ||    10
